 Dungeon Crawl Stone Soup version 0.21-a0-84-g85d6d27 (webtiles) character file.

889 HallandMoats the Skirmisher (level 7, -2/57 HPs)
             Began as a Demonspawn Fighter on June 28, 2017.
             Was a Follower of Okawaru.
             Slain by an ice beast (11 damage)
             ... on level 5 of the Dungeon.
             The game lasted 00:07:32 (4980 turns).

HallandMoats the Skirmisher (Demonspawn Fighter)    Turns: 4980, Time: 00:07:32

Health: -2/57      AC: 11    Str: 17    XL:     7   Next: 77%
Magic:  18/18      EV: 10    Int:  9    God:    Okawaru [*.....]
Gold:   147        SH:  0    Dex: 12    Spells: 6/6 levels left

rFire    . . .     SeeInvis +   a - +0 hand axe
rCold    . . .     Gourm    .   (no shield)
rNeg     . . .     Faith    .   b - +0 scale mail
rPois    .         Spirit   .   D - +0 helmet
rElec    .         Reflect  .   (no cloak)
rCorr    .         Harm     .   (no gloves)
MR       .....                  (no boots)
Stlth    +.........             (no amulet)
HPRegen  0.19/turn              v - ring of see invisible
MPRegen  0.16/turn              y - ring of magical power

@: no status effects
A: talons 1, thin metallic scales 2, clumsy 1, mutation resistance 1,
nightstalker 1
a: Heroism, Renounce Religion


You were on level 5 of the Dungeon.
You worshipped Okawaru.
Okawaru was aware of your devotion.
You were not hungry.

You visited 1 branch of the dungeon, and saw 6 of its levels.

You collected 147 gold pieces.

Inventory:

Hand Weapons
 a - a +0 hand axe (weapon)
Armour
 b - a +0 scale mail (worn)
 D - a +0 helmet (worn)
Jewellery
 v - a ring of see invisible (left hand)
 y - a ring of magical power (right hand)
Scrolls
 e - 2 scrolls of blinking {unknown}
 i - a scroll of recharging {unknown}
 j - 2 scrolls of remove curse
 k - a scroll of noise {unknown}
 l - a scroll of enchant armour {unknown}
 s - a scroll of magic mapping {unknown}
 t - a scroll of amnesia
 u - 2 scrolls of teleportation {unknown}
 w - a scroll of fear {unknown}
Potions
 c - a potion of brilliance
 h - 3 potions of curing
 m - a potion of haste
 n - a potion of berserk rage {unknown}
 p - 3 potions of lignification
 q - 2 potions of ambrosia
 x - a potion of heal wounds {unknown}
 A - a potion of agility {unknown}
 B - a potion of flight {unknown}
Books
 C - a book of Cantrips

   Spells                             Type                      Level
   a - Confusing Touch                Hexes                        1
   b - Animate Skeleton               Necromancy                   1
   c - Summon Small Mammal            Summoning                    1
   d - Apportation                    Translocation                1
Comestibles
 d - 3 chunks of flesh
 f - 5 bread rations
 r - a meat ration


   Skills:
 * Level 5.9 Fighting
 * Level 4.6 Axes
 + Level 4.0 Armour
 + Level 2.9 Dodging
   Level 2.6 Shields
 + Level 2.7 Invocations


You had 6 spell levels left.
You didn't know any spells.

Dungeon Overview and Level Annotations

Branches:
Dungeon (6/15)
 Temple: D:4-7

Altars:
Ashenzari
Fedhas
Gozag
Makhleb
Nemelex Xobeh
Okawaru

Shops:
D:4 [


Innate Abilities, Weirdness & Mutations

You have sharp toenails.
You are mostly covered in thin metallic scales. (AC +3)
You are slightly more attuned to the shadows.
You are clumsy. (Dex -2)
You are somewhat resistant to further mutation.


Message History

You hit the ice beast but do no damage. You barely miss the orc.
The ice beast closely misses you. The orc hits you with a trident!
You slash the ice beast! You claw the ice beast.
The ice beast is moderately wounded.
You hit the orc. The ice beast hits you. The ice beast freezes you!
* * * LOW HITPOINT WARNING * * *
The orc hits you with a trident.
* * * LOW HITPOINT WARNING * * *
You hit the ice beast.
The ice beast is heavily wounded.
You slash the orc!
You kill the orc!
Okawaru accepts your kill. The ice beast barely misses you.
The ice beast closely misses you.
You hit the ice beast but do no damage.
The ice beast is heavily wounded.
The ice beast hits you.
* * * LOW HITPOINT WARNING * * *
The ice beast freezes you!
You die...

.........#
###......## #
###.....# #..##..##
#. #.## #..## #..
##.# #..## #.# ##..#
##..## #.# ##..##
##..###.# ##...##
###....@Y.#
#.....####......).##
..#.......#####...#
..##....### #...#
#..#...## #..##
##.....# #.##
##....# #.# ##...##
#.# #[...# .##


You could see an ice beast.

Vanquished Creatures
  An ice beast (D:4)
  2 ogres (D:4)
  2 crimson imps
  A jelly (D:5)
  3 hounds
  A centaur skeleton (D:5)
  An orc priest (D:5)
  Terence (D:2)
  2 orc wizards (D:4)
  A worker ant (D:4)
  Robin (D:2)
  4 gnolls (D:2)
  8 adders
  A howler monkey skeleton (D:4)
  4 oozes
  4 worms
  4 dart slugs
  4 leopard geckos
  9 orcs
  5 giant cockroaches
  9 hobgoblins
  11 jackals
  2 quokkas
  3 bats
  4 frilled lizards
  14 goblins
  5 kobolds
  A leopard gecko skeleton (D:5)
  A quokka skeleton (D:4)
  8 rats
117 creatures vanquished.

Notes
Turn   | Place    | Note
-------+----------+-------------------------------------------
     0 | D:1      | HallandMoats the Demonspawn Fighter began the quest for the Orb.
     0 | D:1      | Reached XP level 1. HP: 18/18 MP: 1/1
   322 | D:1      | Gained mutation: You have sharp toenails. [demonic ancestry]
   322 | D:1      | Reached XP level 2. HP: 23/24 MP: 2/2
   827 | D:1      | Gained mutation: You are partially covered in thin metallic scales. (AC +2) [demonic ancestry]
   827 | D:1      | Reached XP level 3. HP: 29/29 MP: 3/3
  1115 | D:2      | Reached skill level 1 in Dodging
  1117 | D:2      | Reached XP level 4. HP: 32/37 MP: 4/4
  1125 | D:2      | Found an iron altar of Okawaru.
  1186 | D:2      | Became a worshipper of Warmaster Okawaru
  1226 | D:2      | Noticed Terence
  1229 | D:2      | Noticed Robin
  1261 | D:2      | Killed Terence
  1261 | D:2      | Reached skill level 4 in Fighting
  1267 | D:2      | Killed Robin
  1355 | D:2      | Found a burning altar of Makhleb.
  1485 | D:2      | Found a sparkling altar of Nemelex Xobeh.
  1485 | D:2      | Found an opulent altar of Gozag.
  1498 | D:2      | Reached XP level 5. HP: 41/42 MP: 5/5
  2114 | D:3      | Found a shattered altar of Ashenzari.
  2277 | D:3      | Found a blossoming altar of Fedhas.
  2947 | D:4      | Gained mutation: You are mostly covered in thin metallic scales. (AC +3) [demonic ancestry]
  2947 | D:4      | Reached XP level 6. HP: 37/49 MP: 6/6
  2966 | D:4      | Reached skill level 1 in Invocations
  3373 | D:4      | Found Tengeinu's Antique Armour Shoppe.
  3394 | D:4      | Reached skill level 5 in Fighting
  3553 | D:4      | Noticed an ice beast
  3577 | D:4      | Killed an ice beast
  3577 | D:4      | Reached * piety under Okawaru
  3577 | D:4      | Gained mutation: You are slightly more attuned to the shadows. [demonic ancestry]
  3577 | D:4      | Reached XP level 7. HP: 24/56 MP: 8/8
  3960 | D:4      | Paralysed by a crimson imp for 4 turns
  3968 | D:4      | Paralysed by a crimson imp for 7 turns
  3976 | D:4      | Paralysed by a crimson imp for 5 turns
  4627 | D:5      | Entered Level 5 of the Dungeon
  4940 | D:5      | Gained mutation: You can translocate small distances at will. [potion of mutation]
  4940 | D:5      | Gained mutation: Your mind is acute. (Int +2) [potion of mutation]
  4941 | D:5      | Lost mutation: Your mind is acute. (Int +2) [potion of mutation]
  4941 | D:5      | Lost mutation: You can translocate small distances at will. [potion of mutation]
  4941 | D:5      | Gained mutation: You are clumsy. (Dex -2) [potion of mutation]
  4941 | D:5      | Gained mutation: You are somewhat resistant to further mutation. [potion of mutation]
  4980 | D:5      | Slain by an ice beast

Vault maps used:
D:1:      onia_arrival_pentagram
D:2:      bloody_makhleb, okawaru_gym_becter, grunt_temple_overflow_opulence,
          first_bread, uniq_robin, uniq_terence
D:3:      fedhas_altar_1, nicolae_ashenzari_panopticon
D:4:      serial_shops, nicolae_shop_overgrown_old_shop
D:5:      overflow_temple_1_default, minmay_temple_entry_crystal_x,
          serial_shops, nicolae_shop_behind_doors, shop, shop
D:6:      marbit_many_paths, lemuel_coloured_pillars_altar,
          yredelemnul_forgotten_temple_becter, uniq_eustachio

Skill      XL: |  1  2  3  4  5  6  7 |
---------------+----------------------+-----
Axes           | 2 3 4 |  4.6
Armour         | 3 4 |  4.0
Dodging        | 1 2 |  2.9
Fighting       | 4 5 |  5.9
Invocations    | 2 |  2.7
Shields        | |  2.6

Action                   |  1- 3 |  4- 6 |  7- 9 || total
-------------------------+-------+-------+-------++-------
Melee: War axe           |    71 |    25 |       ||    96
       Kick              |    11 |    74 |    38 ||   123
       Hand axe          |       |   220 |   108 ||   328
  Use: Potion            |     1 |       |     2 ||     3
       Scroll            |       |     6 |     2 ||     8
  Eat: Chunk             |     1 |     8 |       ||     9
       Bread ration      |       |       |     1 ||     1
Armor: Scale mail        |    49 |   132 |    55 ||   236
Dodge: Dodged            |    39 |   144 |    54 ||   237
